PL
BOSTON PATRIOTS @ D.C. DIVIDED
07/21/2034
 
TOP OF THE 1ST
Boston Patriots batting - Pitching for D.C. Divided : LHP Manuel Paílla
Pitching: LHP Manuel Paílla
Batting: RHB Dennis Wacher 0-0: Fly out, F8 (Flyball, 78D)
Batting: LHB Manuel Carmona 0-0: Ball
1-0: Ball
2-0: Ball
3-0: Base on Balls
Batting: LHB Jorge Alejándrez 0-0: Ball
1-0: Ball
2-0: DOUBLE (Line Drive, 89M)
Manuel Carmona to third
Runner from 3rd tries for Home, SAFE, throw made at trailing runner, OUT at third!
Batting: RHB Shohei Kiyomizu 0-0: Called Strike
0-1: Ball
1-1: Ball
2-1: Foul Ball, location: 2F
2-2: Foul Ball, location: 2F
2-2: Fly out, F7 (Flyball, 78S)
Top of the 1st over - 1 run, 1 hit, 0 errors, 0 left on base; Boston 1 - D.C. 0
BOTTOM OF THE 1ST
D.C. Divided batting - Pitching for Boston Patriots : LHP Bradley Roth
Pitching: LHP Bradley Roth
Batting: RHB Arturo Rodríguez 0-0: Called Strike
0-1: Ball
1-1: Hit by Pitch
Batting: RHB José Torres 0-0: SINGLE (Flyball, 9LS)
Arturo Rodríguez to second
Arturo Rodríguez to third
Batting: LHB Yao-pang Chiang 0-0: Ball
1-0: Ball
2-0: Fly out, F6 (Popup, 4MS)
Batting: RHB Wilbur Davis 0-0: Ball
1-0: Foul Ball, location: 2F
1-1: SINGLE (Line Drive, 78M)
Arturo Rodríguez scores
José Torres to second
Batting: RHB Daryl Yandell 0-0: Called Strike
0-1: Swinging Strike
0-2: Ball
1-2: Foul Ball, location: 2F
1-2: Ball
2-2: Foul Ball, location: 2F
2-2: Ball
3-2: Base on Balls
José Torres to third
Wilbur Davis to second
Batting: RHB Ken Bone 0-0: Ball
1-0: Called Strike
1-1: Called Strike
1-2: Ball
2-2: Strikes out swinging
Batting: RHB Júlio Rodríguez 0-0: Called Strike
0-1: Ball
1-1: Swinging Strike
1-2: Foul Ball, location: 2F
1-2: Ball
2-2: Ball
3-2: Ground out 4-3 (Groundball, 34)
Bottom of the 1st over - 1 run, 2 hits, 0 errors, 3 left on base; Boston 1 - D.C. 1
TOP OF THE 2ND
Boston Patriots batting - Pitching for D.C. Divided : LHP Manuel Paílla
Batting: RHB Anselmo Berneu 0-0: Ball
1-0: Fly out, F8 (Flyball, 78S)
Batting: RHB Roland Deschain 0-0: Ball
1-0: Foul Ball, location: 2F
1-1: Swinging Strike
1-2: Foul Ball, location: 2F
1-2: Strikes out swinging
Batting: RHB Kantaro Taniguchi 0-0: Called Strike
0-1: Called Strike
0-2: Ball
1-2: Ball
2-2: Foul Ball, location: 2F
2-2: Foul Ball, location: 2F
2-2: Ball
3-2: SINGLE (Line Drive, 56)
Batting: RHB Yu-shu Kang 0-0: Foul Ball, location: 2F
0-1: Foul Ball, location: 2F
0-2: Ball
1-2: Ball
2-2: Ball
3-2: Strikes out swinging
Top of the 2nd over - 0 runs, 1 hit, 0 errors, 1 left on base; Boston 1 - D.C. 1
BOTTOM OF THE 2ND
D.C. Divided batting - Pitching for Boston Patriots : LHP Bradley Roth
Batting: LHB Obidiah Lewis 0-0: Called Strike
0-1: Ball
1-1: Foul Ball, location: 2F
1-2: SINGLE (Groundball, 4D)
Batting: LHB Elmer Hudgins 0-0: Called Strike
0-1: Called Strike
0-2: Fielders Choice at 2nd, 1-6 (Groundball, 13S)
Batting: RHB Arturo Rodríguez 0-0: Called Strike
0-1: Ball
1-1: Ball
2-1: Swinging Strike
2-2: Grounds into double play, 6-4-3 (Groundball, 6)
Bottom of the 2nd over - 0 runs, 1 hit, 0 errors, 0 left on base; Boston 1 - D.C. 1
TOP OF THE 3RD
Boston Patriots batting - Pitching for D.C. Divided : LHP Manuel Paílla
Batting: RHB Juan Dávila 0-0: Ball
1-0: Fly out, F8 (Flyball, 8RXD)
Batting: RHB Dennis Wacher 0-0: Ball
1-0: Foul Ball, location: 2F
1-1: Ball
2-1: Foul Ball, location: 2F
2-2: Strikes out looking
Batting: LHB Manuel Carmona 0-0: Called Strike
0-1: Swinging Strike
0-2: Ball
1-2: Ground out 3-1 (Groundball, 34)
Top of the 3rd over - 0 runs, 0 hits, 0 errors, 0 left on base; Boston 1 - D.C. 1
BOTTOM OF THE 3RD
D.C. Divided batting - Pitching for Boston Patriots : LHP Bradley Roth
Batting: RHB José Torres 0-0: Ball
1-0: Ball
2-0: Called Strike
2-1: SINGLE (Flyball, 89M)
Batting: LHB Yao-pang Chiang 0-0: Called Strike
0-1: Ball
1-1: Foul Ball, location: 2F
1-2: Ball
2-2: Foul Ball, location: 2F
2-2: Ball
3-2: DOUBLE (Flyball, 8LXD)
José Torres to third
Runner from 3rd tries for Home, SAFE, no throw
Batting: RHB Wilbur Davis 0-0: 2-RUN HOME RUN (Flyball, 9D), Distance : 408 ft
Batting: RHB Daryl Yandell 0-0: Called Strike
0-1: Swinging Strike
0-2: Strikes out swinging
Batting: RHB Ken Bone 0-0: Called Strike
0-1: Foul Ball, location: 2F
0-2: SINGLE (Line Drive, 89S)
Batting: RHB Júlio Rodríguez 0-0: Ball
1-0: Ball
2-0: Grounds into double play, 6-4-3 (Groundball, 6)
Bottom of the 3rd over - 3 runs, 4 hits, 0 errors, 0 left on base; Boston 1 - D.C. 4
TOP OF THE 4TH
Boston Patriots batting - Pitching for D.C. Divided : LHP Manuel Paílla
Batting: LHB Jorge Alejándrez 0-0: Foul Ball, location: 2F
0-1: Swinging Strike
0-2: Foul Ball, location: 2F
0-2: Ball
1-2: Foul Ball, location: 2F
1-2: Strikes out looking
Batting: RHB Shohei Kiyomizu 0-0: Foul Ball, location: 2F
0-1: Foul Ball, location: 2F
0-2: Hit by Pitch
Batting: RHB Anselmo Berneu 0-0: Ball
1-0: Ball
2-0: Called Strike
2-1: Fly out, F7 (Flyball, 7)
Batting: RHB Roland Deschain 0-0: Called Strike
0-1: Swinging Strike
0-2: Ball
1-2: Ground out 6-3 (Groundball, 6S)
Top of the 4th over - 0 runs, 0 hits, 0 errors, 1 left on base; Boston 1 - D.C. 4
BOTTOM OF THE 4TH
D.C. Divided batting - Pitching for Boston Patriots : LHP Bradley Roth
Batting: LHB Obidiah Lewis 0-0: Ball
1-0: Called Strike
1-1: DOUBLE (Groundball, 3L)
Batting: LHB Elmer Hudgins 0-0: Called Strike
0-1: Ball
1-1: Ball
2-1: SINGLE (Groundball, 4MS) (infield hit)
Obidiah Lewis to third
Pitching: LHP Leo Ingelbrigtsen
Batting: RHB Arturo Rodríguez 0-0: Ball
1-0: Ball
2-0: Called Strike
2-1: Fly out, F6 (Popup, 6)
Batting: RHB José Torres 0-0: Ball
1-0: Ball
2-0: Ball
3-0: Called Strike
3-1: Foul Ball, location: 2F
3-2: 3-RUN HOME RUN (Flyball, 7D), Distance : 412 ft
Batting: LHB Yao-pang Chiang 0-0: Called Strike
0-1: Ball
1-1: Foul Ball, location: 2F
1-2: SINGLE (Groundball, 6MS) (infield hit)
Batting: RHB Wilbur Davis 0-0: Ball
1-0: Fly out, F9 (Flyball, 9LSF)
Batting: RHB Daryl Yandell 0-0: SINGLE (Flyball, 9LM)
Yao-pang Chiang to second
Runner from 2nd tries for 3rd, SAFE, no throw
Batting: RHB Ken Bone 0-0: Called Strike
0-1: SINGLE (Line Drive, 6M)
Yao-pang Chiang scores
Daryl Yandell to second
Batting: RHB Júlio Rodríguez 0-0: Ball
1-0: Ball
2-0: Ball
3-0: Called Strike
3-1: Fly out, F6 (Line Drive, 6M)
Bottom of the 4th over - 4 runs, 6 hits, 0 errors, 2 left on base; Boston 1 - D.C. 8
TOP OF THE 5TH
Boston Patriots batting - Pitching for D.C. Divided : LHP Manuel Paílla
Batting: RHB Kantaro Taniguchi 0-0: Called Strike
0-1: Ball
1-1: Called Strike
1-2: Ball
2-2: Strikes out looking
Batting: RHB Yu-shu Kang 0-0: Ball
1-0: Ball
2-0: Called Strike
2-1: Ground out 3-1 (Groundball, 23)
Batting: RHB Juan Dávila 0-0: Ball
1-0: Ball
2-0: Ball
3-0: Called Strike
3-1: Ground out 5-3 (Groundball, 56S)
Top of the 5th over - 0 runs, 0 hits, 0 errors, 0 left on base; Boston 1 - D.C. 8
BOTTOM OF THE 5TH
D.C. Divided batting - Pitching for Boston Patriots : LHP Leo Ingelbrigtsen
Batting: LHB Obidiah Lewis 0-0: Called Strike
0-1: DOUBLE (Flyball, 89XD)
Batting: LHB Elmer Hudgins 0-0: Called Strike
0-1: SINGLE (Groundball, 56D)
Obidiah Lewis to third
Runner from 3rd tries for Home, SAFE, no throw
Batting: RHB Arturo Rodríguez 0-0: Ball
1-0: SINGLE (Line Drive, 7S)
Elmer Hudgins to second
Batting: RHB José Torres 0-0: Ball
Elmer Hudgins steals 3rd base
Arturo Rodríguez to second
1-0: SINGLE (Line Drive, 8LS)
Elmer Hudgins scores
Arturo Rodríguez to third
Runner from 3rd tries for Home, SAFE, no throw
Batting: LHB Yao-pang Chiang 0-0: Ball
1-0: Foul Ball, location: 2F
1-1: Ball
2-1: Fly out, F7 (Flyball, 7LM)
Batting: RHB Wilbur Davis 0-0: Ball
1-0: Ball
2-0: Ball
3-0: SINGLE (Groundball, 6D)
José Torres to second
Batting: RHB Daryl Yandell 0-0: Ball
1-0: Ball
2-0: Called Strike
2-1: Swinging Strike
2-2: Foul Ball, location: 2F
2-2: Ball
3-2: Fly out, F3 (Popup, 34S)
Batting: RHB Ken Bone 0-0: Called Strike
0-1: Called Strike
0-2: Foul Ball, location: 2F
0-2: Foul Ball, location: 2F
0-2: Ball
1-2: DOUBLE (Line Drive, 7LM)
José Torres scores
Wilbur Davis to third
Runner from 3rd tries for Home, SAFE, no throw
Batting: RHB Júlio Rodríguez 0-0: Called Strike
0-1: Called Strike
0-2: Foul Ball, location: 2F
0-2: Ball
1-2: SINGLE (Groundball, 56D)
Ken Bone to third
Runner from 3rd tries for Home, SAFE, no throw
Batting: LHB Obidiah Lewis 0-0: Swinging Strike
0-1: SINGLE (Line Drive, 8LS)
Júlio Rodríguez to second
Batting: LHB Elmer Hudgins 0-0: Ball
1-0: Ball
2-0: Fly out, F2 (Popup, 3SF)
Bottom of the 5th over - 6 runs, 8 hits, 0 errors, 2 left on base; Boston 1 - D.C. 14
TOP OF THE 6TH
Boston Patriots batting - Pitching for D.C. Divided : LHP Manuel Paílla
Batting: RHB Dennis Wacher 0-0: Called Strike
0-1: Fly out, F9 (Flyball, 89M)
Batting: LHB Manuel Carmona 0-0: Foul Ball, location: 2F
0-1: Ball
1-1: Swinging Strike
1-2: Strikes out swinging
Batting: LHB Jorge Alejándrez 0-0: Called Strike
0-1: Hit by Pitch
Batting: RHB Shohei Kiyomizu 0-0: Ball
1-0: Fly out, F7 (Flyball, 78M)
Top of the 6th over - 0 runs, 0 hits, 0 errors, 1 left on base; Boston 1 - D.C. 14
BOTTOM OF THE 6TH
D.C. Divided batting - Pitching for Boston Patriots : LHP Leo Ingelbrigtsen
Batting: RHB Arturo Rodríguez 0-0: Called Strike
0-1: Ball
1-1: Ball
2-1: Swinging Strike
2-2: Ball
3-2: Base on Balls
Pitching: RHP Carlos Ramos
Batting: RHB José Torres 0-0: Ball
1-0: Ball
2-0: Ball
3-0: SINGLE (Groundball, 34D)
Arturo Rodríguez to second
Runner from 2nd tries for 3rd, SAFE, throw made to third
Batting: LHB Yao-pang Chiang 0-0: Grounds into double play, 4-6-3 (Groundball, 4)
Arturo Rodríguez scores
Batting: RHB Wilbur Davis 0-0: Ball
1-0: Fly out, F6 (Popup, 6M)
Bottom of the 6th over - 1 run, 1 hit, 0 errors, 0 left on base; Boston 1 - D.C. 15
TOP OF THE 7TH
Boston Patriots batting - Pitching for D.C. Divided : LHP Manuel Paílla
Batting: RHB Anselmo Berneu 0-0: Called Strike
0-1: Foul Ball, location: 2F
0-2: Ball
1-2: Ground out 6-3 (Groundball, 6)
Batting: RHB Roland Deschain 0-0: Ball
1-0: Foul Ball, location: 2F
1-1: Ball
2-1: Foul Ball, location: 2F
2-2: Ball
3-2: Strikes out swinging
Batting: RHB Kantaro Taniguchi 0-0: Ball
1-0: Called Strike
1-1: SINGLE (Groundball, 34S) (infield hit)
Batting: RHB Yu-shu Kang 0-0: Ball
1-0: Hit by Pitch
Kantaro Taniguchi to second
Batting: RHB Juan Dávila 0-0: Ball
1-0: Called Strike
1-1: Ball
2-1: SINGLE (Line Drive, 8LS)
Kantaro Taniguchi to third
Yu-shu Kang to second
Runner from 3rd tries for Home, SAFE, no throw
Pitching: RHP Dale Kurth
Batting: RHB Dennis Wacher 0-0: Ball
1-0: Ball
2-0: Called Strike
2-1: Foul Ball, location: 2F
2-2: Ball
3-2: Strikes out swinging
Top of the 7th over - 1 run, 2 hits, 0 errors, 2 left on base; Boston 2 - D.C. 15
BOTTOM OF THE 7TH
D.C. Divided batting - Pitching for Boston Patriots : RHP Carlos Ramos
Batting: RHB Daryl Yandell 0-0: Ball
1-0: Called Strike
1-1: SINGLE (Groundball, 6D)
Batting: RHB Ken Bone 0-0: Ball
1-0: Ball
2-0: Called Strike
2-1: Foul Ball, location: 2F
2-2: Foul Ball, location: 2F
2-2: Fly out, F9 (Flyball, 9S)
Batting: RHB Júlio Rodríguez 0-0: Ball
1-0: Ball
2-0: Grounds into double play, 6-4-3 (Groundball, 6)
Bottom of the 7th over - 0 runs, 1 hit, 0 errors, 0 left on base; Boston 2 - D.C. 15
TOP OF THE 8TH
Boston Patriots batting - Pitching for D.C. Divided : RHP Dale Kurth
Batting: LHB Manuel Carmona 0-0: Foul Ball, location: 2F
0-1: Ground out 6-3 (Groundball, 6M)
Batting: LHB Jorge Alejándrez 0-0: Fly out, F3 (Line Drive, 3)
Batting: RHB Shohei Kiyomizu 0-0: Ground out 4-3 (Groundball, 4M)
Top of the 8th over - 0 runs, 0 hits, 0 errors, 0 left on base; Boston 2 - D.C. 15
BOTTOM OF THE 8TH
D.C. Divided batting - Pitching for Boston Patriots : RHP Carlos Ramos
Batting: LHB Obidiah Lewis 0-0: Ball
1-0: Foul Ball, location: 2F
1-1: Foul Ball, location: 2F
1-2: Ball
2-2: Ball
3-2: Base on Balls
Batting: LHB Elmer Hudgins 0-0: Ball
1-0: SINGLE (Groundball, 3S) (infield hit)
Obidiah Lewis to second
Batting: RHB Arturo Rodríguez 0-0: Ball
1-0: Swinging Strike
1-1: Swinging Strike
1-2: Ball
2-2: Foul Ball, location: 2F
2-2: Foul Ball, location: 2F
2-2: Fly out, F8 (Flyball, 8LM)
Batting: RHB José Torres 0-0: Called Strike
0-1: Ball
1-1: Foul Ball, location: 2F
1-2: Ball
2-2: Ball
3-2: Foul Ball, location: 2F
3-2: Foul Ball, location: 2F
3-2: SINGLE (Groundball, 6MD)
Obidiah Lewis to third
Elmer Hudgins to second
Runner from 3rd tries for Home, SAFE, no throw
Pitching: RHP Rick Converse
Batting: LHB Yao-pang Chiang 0-0: Swinging Strike
0-1: Ball
1-1: Ball
2-1: Swinging Strike
Passed Ball!
Elmer Hudgins to third
José Torres to second
2-2: Ground out 6-3 (Groundball, 6)
Elmer Hudgins scores
Batting: RHB Wilbur Davis 0-0: Foul Ball, location: 2F
0-1: Ball
1-1: Ball
2-1: Swinging Strike
2-2: Strikes out swinging
Bottom of the 8th over - 2 runs, 2 hits, 0 errors, 1 left on base; Boston 2 - D.C. 17
TOP OF THE 9TH
Boston Patriots batting - Pitching for D.C. Divided : RHP Dale Kurth
Batting: RHB Anselmo Berneu 0-0: Called Strike
0-1: Foul Ball, location: 2F
0-2: Ball
1-2: Fly out, F7 (Flyball, 7LD)
Batting: RHB Roland Deschain 0-0: Foul Ball, location: 2F
0-1: Ball
1-1: Ball
2-1: Called Strike
2-2: Reached on error, E1 (Groundball, 15S)
Batting: RHB Kantaro Taniguchi 0-0: Ball
1-0: Ball
2-0: Called Strike
2-1: Foul Ball, location: 2F
2-2: SINGLE (Line Drive, 6D)
Roland Deschain to third
Batting: RHB Yu-shu Kang 0-0: Fly out, F8 (Flyball, 78M)
Runner from 3rd tags up, SCORES, no throw
Batting: RHB Juan Dávila 0-0: Ball
1-0: Called Strike
1-1: Fielders Choice at 2nd, 6-4 (Groundball, 6)
Top of the 9th over - 1 run, 1 hit, 1 error, 1 left on base; Boston 3 - D.C. 17
Friday, March 29th, 2019 - OOTP Baseball 18.8 Build 76